 Dungeon Crawl Stone Soup version 0.31-a0-233-g139696dc86 (webtiles) character file.

Game seed: 14802500083783376807

25 qw the Shooter (level 3, 0/21 HPs)
             Began as a Gargoyle Hexslinger on July 8, 2023.
             Slain by Terence
             ... wielding a +0 flail
              (6 damage)
             ... on level 2 of the Dungeon.
             The game lasted 00:00:19 (787 turns).

qw the Shooter (Gargoyle Hexslinger)                 Turns: 787, Time: 00:00:19

Health: 0/21       AC: 12    Str: 11    XL:     3   Next: 6%
Magic:  4/4        EV: 10    Int: 13    God:
Gold:   23         SH:  0    Dex: 14    Spells: 3/4 levels left

rFire   . . .        Y - +1 sling
rCold   . . .        (no shield)
rNeg    + . .        f - +0 ring mail
rPois   inf          g - +0 helmet
rElec   +            (no cloak)
rCorr   .            d - +2 pair of gloves
SInv    .            (no boots)
Will    .....        (no amulet)
Stlth   +            (no ring)
HPRegen 0.23/turn    (no ring)
MPRegen 0.09/turn

%: no passive effects
@: no status effects
A: sickness immunity, AC +3, negative energy resistance 1, electricity
resistance, torment resistance 1, petrification resistance
a: no special abilities


You were on level 2 of the Dungeon.
You visited 1 branch of the dungeon, and saw 2 of its levels.

You collected 23 gold pieces.


Innate Abilities, Weirdness & Mutations

You are immune to sickness and miasma.
Your stone body is resilient. (AC +3)
You are immune to poison.
You resist negative energy. (rN+)
You are resistant to electric shocks. (rElec)
You are resistant to unholy torment.
You are immune to petrification.


   Skills:
 - Level 2.0 Fighting
 - Level 3.0 Ranged Weapons
 + Level 0.2 Armour
 - Level 1.5 Dodging
 - Level 1.0 Spellcasting
 - Level 2.6 Hexes


You had 3 spell levels left.
You knew the following spells:

 Your Spells              Type           Power      Damage    Failure   Level
a - Slow                  Hex            28%        N/A       22%         1

Your spell library contained the following spells:

 Spells                   Type           Power      Damage    Failure   Level
 Inner Flame              Hex/Fire       4%         N/A       75%         3
 Portal Projectile        Hex/Tloc       8%         N/A       75%         3
 Cause Fear               Hex            3%         N/A       92%         4

Inventory:

Hand Weapons
 Y - a +1 sling (weapon)
Armour
 d - a +2 pair of gloves (worn)
 f - a +0 ring mail (worn)
 g - a +0 helmet (worn)
Potions
 e - a potion of curing {unknown}
 h - a potion of invisibility {unknown}
 j - a potion of enlightenment {unknown}
 k - a potion of heal wounds {unknown}
 l - a potion of haste {unknown}

Dungeon Overview and Level Annotations

Branches:
Dungeon (2/15)

Altars:

Annotations:
D:2 Terence


Message History

Your Fighting skill increases to level 2!
An endoplasm comes into view.
Found a scroll labelled YRAFEL NATAU.
You shoot a sling bullet.
The sling bullet hits the endoplasm but does no damage.
You shoot a sling bullet. The sling bullet hits the endoplasm.
You kill the endoplasm!
Terence the Incautious comes into view.
He is wielding a +0 flail and wearing a +2 scale mail of poison resistance.
Terence shouts!
You shoot a sling bullet.
The sling bullet closely misses Terence.
You shoot a sling bullet.
The sling bullet closely misses Terence.
You shoot a sling bullet.
The sling bullet closely misses Terence.
You shoot a sling bullet.
The sling bullet closely misses Terence.
Terence says, "Did you write a will?
You should..."
You shoot a sling bullet.
The sling bullet closely misses Terence.
Terence hits you with a +0 flail!
You shoot a sling bullet. The sling bullet hits Terence.
Terence is lightly wounded.
Terence closely misses you. Terence barely misses you.
You shoot a sling bullet.
The sling bullet hits Terence but does no damage.
Terence is lightly wounded.
Terence hits you with a +0 flail.
You shoot a sling bullet.
The sling bullet hits Terence but does no damage.
Terence is lightly wounded.
Terence hits you but does no damage.
You shoot a sling bullet. The sling bullet hits Terence.
Terence is lightly wounded.
Terence hits you with a +0 flail. Terence barely misses you.
You shoot a sling bullet.
The sling bullet hits Terence but does no damage.
Terence is lightly wounded.
Terence hits you with a +0 flail.
You die...

....## .....# ..
8..8.##.#
#.......#
#.......# #
#.......#
...##.###.......#
..?...@@........#
#####.###.......#
# #........
#....%...
#<......#
#####.### .# . #


You could see Terence.

Vanquished Creatures
  2 endoplasms
  3 goblins (D:1)
  2 hobgoblins (D:1)
  3 kobolds (D:1)
  A quokka (D:1)
  2 ball pythons (D:1)
  7 bats
  2 frilled lizards (D:1)
  2 rats (D:1)
24 creatures vanquished.

Notes
Turn   | Place    | Note
-------+----------+-------------------------------------------
     0 | D:1      | qw the Gargoyle Hexslinger began the quest for the Orb.
     0 | D:1      | Reached XP level 1. HP: 12/12 MP: 2/2
     0 | D:1      | 0 ||| qw: Version: 0.3-a-46-gb1f654a
     0 | D:1      | 0 ||| qw: Game counter: 3408
     0 | D:1      | 0 ||| qw: Melee chars always use a shield: true
     0 | D:1      | 0 ||| qw: God list: Okawaru
     0 | D:1      | 0 ||| qw: Allow faded altars: false
     0 | D:1      | 0 ||| qw: Do Orc after clearing Dungeon:15 true
     0 | D:1      | 0 ||| qw: Do second Lair branch before Depths: true
     0 | D:1      | 0 ||| qw: Lair rune preference: random
     0 | D:1      | 0 ||| qw: Goals: Normal
     0 | D:1      | 0 ||| PLANNING D:1-11
    92 | D:1      | Reached XP level 2. HP: 16/16 MP: 3/3
   228 | D:1      | Reached skill level 3 in Ranged Weapons
   486 | D:1      | Reached XP level 3. HP: 21/21 MP: 4/4
   722 | D:1      | 722 ||| UPGRADING to +2 pair of gloves.
   727 | D:1      | 727 ||| UPGRADING to +0 ring mail.
   737 | D:1      | 737 ||| DROPPING +0 robe.
   738 | D:1      | 738 ||| UPGRADING to +0 helmet.
   743 | D:1      | 743 ||| READING scroll labelled EMNI AQOMIY.
   748 | D:1      | 748 ||| READING scroll labelled HOTEAL YXELL.
   749 | D:1      | 749 ||| DROPPING scroll of poison.
   777 | D:2      | Noticed Terence
   787 | D:2      | Slain by Terence

Levels and vault maps discovered:
D:1:      kennysheep_arrival_seaside, layout_basic, st_stairs_1
D:2:      layout_rooms, hellmonk_ecumenical_altar_arch_garden,
          amcnicky_mini_rare_corridor_liquid, uniq_terence, uniq_natasha

Skill      XL: |  1  2  3 |
---------------+----------+-----
Ranged Weapons | 3 |  3.0
Fighting       | 2 |  2.0
Armour         | |  0.2
Dodging        | |  1.5
Spellcasting   | |  1.0
Hexes          | |  2.6

Action                     || total
---------------------------++-------
   Fire: Sling             ||    78
    Use: Scroll            ||     2
 Armour: Robe              ||    10
         Ring mail         ||     1
  Dodge: Dodged            ||    14

Table legend:
 A = Non-vault XP
 B = Vault XP
 C = Vault XP percentage of total XP
 D = Non-vault monster count
 E = Vault monster count
 F = Vault count percentage of total count
                 A         B        C        D         E       F
            +---------+---------+-------+---------+---------+-------
      Total |      34 |       3 |   8.1 |      21 |       3 |  12.5
            +---------+---------+-------+---------+---------+-------
        D:1 |      31 |       3 |   8.8 |      19 |       3 |  13.6
        D:2 |       3 |       0 |   0.0 |       2 |       0 |   0.0
            +---------+---------+-------+---------+---------+-------
